 Dungeon Crawl Stone Soup version 0.25.1-2-g60ff931df9 (webtiles) character file.

Game seed: 18315081722509874454

84 2tc the Firebug (level 4, 0/21 HPs)
             Began as a Gargoyle Fire Elementalist on Nov 2, 2020.
             Slain by Crazy Yiuf
             ... wielding a +4 quarterstaff of chaos
              (7 damage)
             ... while paralysed by Crazy Yiuf
             ... on level 2 of the Dungeon.
             The game lasted 00:11:34 (2817 turns).

2tc the Firebug (Gargoyle Fire Elementalist)        Turns: 2817, Time: 00:11:34

Health: 0/21       AC:  6    Str: 11    XL:     4   Next: 46%
Magic:  5/7        EV:  2    Int: 16    God:
Gold:   132        SH:  0    Dex: 11    Spells: 3/7 levels left

rFire    + . .     SeeInvis .   e - +0 spear
rCold    + . .     Gourm    .   (no shield)
rNeg     + . .     Faith    .   a - +0 robe
rPois    ∞         Spirit   .   (no helmet)
rElec    +         Reflect  .   d - +0 cloak (curse)
rCorr    +         Harm     .   (no gloves)
MR       .....                  (no boots)
Stlth    ++........             (no amulet)
HPRegen  0.07/turn              (no ring)
MPRegen  0.10/turn              (no ring)

@: paralysed, resistant, stab, very slightly contaminated
A: frail 1, negative energy resistance 1, electricity resistance, unbreathing,
evolution 1, petrification resistance, rot immunity, AC +3
a: no special abilities


You were on level 2 of the Dungeon.
You were not hungry.

You visited 1 branch of the dungeon, and saw 2 of its levels.

You collected 132 gold pieces.

Inventory:

Hand Weapons
 e - a +0 spear (weapon)
 i - a +0 whip
Armour
 a - a +0 robe (worn)
 d - a cursed +0 cloak (worn)
Jewellery
 k - an uncursed amulet of the acrobat {unknown}
Potions
 b - 3 potions of stabbing
 j - a potion of curing
Comestibles
 c - 4 rations
 h - a chunk of flesh


   Skills:
 - Level 1.5 Dodging
 - Level 2.1 Stealth
 - Level 2.0 Spellcasting
 * Level 3.2 Conjurations
 - Level 4.1 Fire Magic


You had 3 spell levels left.
You knew the following spells:

 Your Spells              Type           Power        Failure   Level  Hunger
a - Foxfire               Conj/Fire      ##..         4%          1    #......
b - Conjure Flame         Conj/Fire      ##......     14%         3    ###....

Your spell library contained the following spells:

 Spells                   Type           Power        Failure   Level  Hunger
 Inner Flame              Hex/Fire       #.......     26%         3    ###....
 Sticky Flame             Conj/Fire      ##......     41%         4    #####..
 Fireball                 Conj/Fire      ##........   77%         5    ######.


Dungeon Overview and Level Annotations

Branches:
Dungeon (2/15)

Altars:

Annotations:
D:2 Crazy Yiuf


Innate Abilities, Weirdness & Mutations

You are resistant to torment.
Your stone body is resilient. (AC +3)
You are immune to poison.
You resist negative energy. (rN+)
You are resistant to electric shocks. (rElec)
You can survive without breathing.
You are immune to petrification.
You are immune to rotting.
You are frail. (-10% HP)
You evolve.


Message History

Crazy Yiuf is lightly wounded.
Crazy Yiuf closely misses you.
Casting: Conjure Flame (extremely dangerous; 14% risk of failure)
Confirm with . or Enter, or press ? or * to list all spells.
You conjure some foxfire!
Crazy Yiuf drinks a potion.
Crazy Yiuf seems to speed up.
Your foxfire dissipates!
Crazy Yiuf screams, "Two mobile water!"
Crazy Yiuf hits you with a +4 quarterstaff of chaos!
Casting: Foxfire (safe; 4% risk of failure)
Confirm with . or Enter, or press ? or * to list all spells.
You miscast Foxfire.
You are very lightly contaminated with residual magic.
Nothing appears to happen.
Crazy Yiuf hits you with a +4 quarterstaff of chaos.
You suddenly lose the ability to move!
Crazy Yiuf yells, "Rot!
Aardvark sing-song sing-song."
Crazy Yiuf hits you with a +4 quarterstaff of chaos.
Crazy Yiuf hits you with a +4 quarterstaff of chaos!
You die...

### ♣♣#### #)..#♣♣
♣♣....## #...'.♣♣♣♣......#
#...#♣.g♣.......# ###
♣♣♣@♣......# ♣♣♣♣♣##.###
### #...# #.. ##########
##..######.# #......#.#
#..##...... #.#.##.#.#
#..##.###.# #.#.##.#.#
#.......... #.#.##.#.#
#.###......
#.#.##.#.#######.......###


You could see Crazy Yiuf (fast).

Vanquished Creatures
  3 adders (D:2)
  2 worms (D:2)
  2 dart slugs (D:1)
  A leopard gecko (D:2)
  4 bats
  5 giant cockroaches
  9 goblins
  4 hobgoblins
  9 kobolds
  A quokka (D:2)
  3 frilled lizards
  5 rats
  A plant (D:1)
49 creatures vanquished.

Vanquished Creatures (others)
  53 foxfires
53 creatures vanquished.

Grand Total: 102 creatures vanquished

Notes
Turn   | Place    | Note
-------+----------+-------------------------------------------
     0 | D:1      | 2tc the Gargoyle Fire Elementalist began the quest for the
                  | Orb.
     0 | D:1      | Reached XP level 1. HP: 10/10 MP: 3/3
   728 | D:1      | Reached XP level 2. HP: 14/15 MP: 3/5
   983 | D:1      | Reached skill level 4 in Fire Magic
   991 | D:1      | Reached XP level 3. HP: 12/19 MP: 3/6
  1548 | D:2      | Learned a level 3 spell: Conjure Flame
  2137 | D:2      | Reached XP level 4. HP: 22/24 MP: 4/7
  2685 | D:2      | Found a runed translucent door.
  2686 | D:2      | Noticed Crazy Yiuf
  2805 | D:2      | Gained mutation: You are clumsy. (Dex -2) [potion of
                  | mutation]
  2805 | D:2      | Gained mutation: You are frail. (-10% HP) [potion of
                  | mutation]
  2805 | D:2      | Gained mutation: You evolve. [potion of mutation]
  2805 | D:2      | Lost mutation: You are clumsy. (Dex -2) [potion of
                  | mutation]
  2816 | D:2      | Paralysed by Crazy Yiuf for 7 turns
  2817 | D:2      | Slain by Crazy Yiuf

Illustrated notes

Levels and vault maps discovered:
D:1:      lightli_arrival_noodles, layout_basic, serial_forest,
          infiniplex_forest_clump_small, infiniplex_forest_clump_cross,
          infiniplex_forest_end_2, infiniplex_forest_lined_3,
          infiniplex_forest_clump_curved, minmay_3d_cube
D:2:      layout_loops_ring, first_ration, uniq_crazy_yiuf_cottage

Skill      XL: |  1  2  3  4 |
---------------+-------------+-----
Fire Magic     | 4 |  4.1
Conjurations   | 2 3 |  3.2
Dodging        | |  1.5
Stealth        | |  2.1
Spellcasting   | |  2.0

Action                   |  1- 3 |  4- 6 || total
-------------------------+-------+-------++-------
Melee: Unarmed           |    29 |       ||    29
       Spear             |   218 |    53 ||   271
 Cast: Foxfire           |    35 |    10 ||    45
  Use: Scroll            |     3 |       ||     3
       Potion            |       |     4 ||     4
 Stab: Sleeping          |     2 |     1 ||     3
  Eat: Chunk             |     2 |     2 ||     4
       Ration            |     1 |       ||     1
Armor: Robe              |    49 |    14 ||    63
Dodge: Dodged            |    90 |    25 ||   115
